 Dungeon Crawl Stone Soup version 0.28.0-43-g3370ac3207 (webtiles) character file.

Game seed: 12474513009024742095

20997 Peloso the Carver (level 12, -7/110 HPs)
             Began as a Minotaur Fighter on Mar 25, 2022.
             Was the Champion of Okawaru.
             Mangled by an entropy weaver simulacrum (17 damage)
             ... in an ice cave.
             The game lasted 00:28:37 (17298 turns).

Peloso the Carver (Minotaur Fighter)               Turns: 17298, Time: 00:28:41

Health: -7/110     AC: 27    Str: 23    XL:     12   Next: 50%
Magic:  12/12      EV: 11    Int:  5    God:    Okawaru [******]
Gold:   714        SH:  6    Dex: 13    Spells: 11/11 levels left

rFire   . . .      SeeInvis .   a - +2 double sword (protect)
rCold   + . .      Faith    .   c - +0 buckler
rNeg    . . .      Spirit   .   z - +1 chain mail {rC+}
rPois   +          Reflect  .   (helmet restricted)
rElec   .          Harm     .   y - +2 cloak {rPois}
rCorr   .          Rampage  .   x - +2 pair of gloves
Will    .....                   (no boots)
Stlth   ..........              G - amulet of the acrobat
HPRegen 0.28/turn               (no ring)
MPRegen 0.13/turn               (no ring)

@: under a protective aura, slowed, very slow
A: horns 2, retaliatory headbutt
a: Renounce Religion, Heroism, Finesse, Duel


You were in an ice cave.
You worshipped Okawaru.
Okawaru was exalted by your worship.
You visited 2 branches of the dungeon, and saw 14 of its levels.
You also visited: Bailey and Ice Cave.

You collected 876 gold pieces.
You spent 162 gold pieces at shops.

Inventory:

Hand Weapons
 a - a +2 double sword of protection (weapon)
 b - a +1 scimitar of flaming
Armour
 c - a +0 buckler (worn)
 d - a +0 plate armour
 q - a +3 scale mail
 x - a +2 pair of gloves (worn)
 y - a +2 cloak of poison resistance (worn)
 z - a +1 chain mail of cold resistance (worn)
Jewellery
 v - a ring of wizardry
 G - an amulet of the acrobat (around neck)
 L - a ring of ice
Wands
 A - a wand of digging (6)
 D - a wand of flame (8)
 F - a wand of polymorph (6)
 K - a wand of paralysis (7)
Scrolls
 e - 2 scrolls of identify
 f - 2 scrolls of enchant weapon
 h - 5 scrolls of teleportation
 i - 3 scrolls of summoning
 j - a scroll of silence
 l - 3 scrolls of fear
 n - a scroll of immolation
 p - 2 scrolls of amnesia
 r - 4 scrolls of enchant armour
 t - a scroll of blinking {unknown}
 H - 3 scrolls of fog
 I - a scroll of magic mapping {unknown}
Potions
 g - 2 potions of heal wounds
 k - 2 potions of cancellation
 m - 5 potions of magic
 o - a potion of brilliance
 s - 3 potions of curing
 u - 4 potions of flight
 w - 2 potions of invisibility
 B - 5 potions of resistance
 C - a potion of ambrosia
 E - a potion of haste
 J - a potion of berserk rage


   Skills:
 + Level 11.2 Fighting
 + Level 14.7 Long Blades
 + Level 2.5 Polearms
 + Level 12.4 Armour
 + Level 6.7 Dodging
 + Level 2.4 Stealth
 + Level 10.0 Shields
 + Level 1.3 Invocations
 + Level 0.3 Evocations


You had 11 spell levels left.
You didn't know any spells.
Your spell library contained the following spells:

 Spells                   Type           Power      Damage    Failure   Level
 Beastly Appendage        Tmut           0%         N/A       97%         1
 Slow                     Hex            0%         N/A       97%         1
 Static Discharge         Conj/Air       0%         N/A       99%         2
 Wereblood                Tmut           0%         N/A       99%         2
 Confusing Touch          Hex            0%         N/A       100%        3
 Conjure Flame            Conj/Fire      0%         6-21      100%        3
 Ignite Poison            Fire/Tmut/Pois 0%         N/A       100%        3
 Mephitic Cloud           Conj/Pois/Air  0%         N/A       100%        3
 Spider Form              Tmut/Pois      0%         N/A       100%        3
 Vampiric Draining        Necr           0%         2d6       100%        3
 Petrify                  Tmut/Erth      0%         N/A       100%        4
 Sticky Flame             Conj/Fire      0%         2d3       100%        4
 Freezing Cloud           Conj/Ice/Air   0%         6-21      100%        5
 Lightning Bolt           Conj/Air       0%         1d11      100%        5
 Metabolic Englaciation   Hex/Ice        0%         N/A       100%        5
 Yara's Violent Unravell  Hex/Tmut       0%         3d3       100%        5
 Statue Form              Tmut/Erth      0%         N/A       100%        6
 Enfeeble                 Hex            0%         N/A       100%        7
 Maxwell's Capacitive Co  Air            0%         ∞         100%        8
 Polar Vortex             Ice            0%         N/A       100%        9
 Simulacrum               Ice/Necr       Unusable   N/A       N/A         6

Dungeon Overview and Level Annotations

Branches:
Dungeon (11/15)            Temple (0/1) D:6            Lair (3/6) D:9
 Shoals (0/4) Lair:2          Orc (0/2) D:11         Bailey (visited)
  IceCv (1/1)
  Snake: Lair:2-4    Spider: Lair:2-4

Altars:
Ashenzari
Gozag
Hepliaklqana
Okawaru
The Shining One
Beogh

Shops:
D:11 *

Annotations:
D:6 3 runed translucent doors, Quickbrownfox's ghost, novice DsIE
D:7 2 transporters
D:8 5 runed translucent doors, Peloso's ghost, novice MiFi
D:10 3 runed translucent doors, kelmiir's ghost, journeyman GnIE
Lair:1 3 runed translucent doors, CryoSword's ghost, journeyman TrTm
Lair:2 1 runed translucent door, Kaptain's ghost, journeyman GrEE


Innate Abilities, Weirdness & Mutations

You have a pair of horns on your head.
You reflexively headbutt those who attack you in melee.


Message History

* * * LOW HITPOINT WARNING * * *
The entropy weaver simulacrum completely misses you.
The entropy weaver simulacrum hits you.
* * * LOW HITPOINT WARNING * * *
The entropy weaver simulacrum freezes you!
You resist.
* * * LOW HITPOINT WARNING * * *
The entropy weaver simulacrum barely misses you.
You hit the entropy weaver simulacrum.
Your weapon exudes an aura of protection.
The entropy weaver simulacrum is lightly damaged.
The entropy weaver simulacrum closely misses you.
You furiously retaliate!
You headbutt the entropy weaver simulacrum!
You block the entropy weaver simulacrum's attack.
The entropy weaver simulacrum hits you but does no damage. x2
You feel much better.
You block the entropy weaver simulacrum's attack.
The entropy weaver simulacrum hits you but does no damage.
The entropy weaver simulacrum hits you.
The entropy weaver simulacrum freezes you!
You resist.
* * * LOW HITPOINT WARNING * * *
You block the entropy weaver simulacrum's attack.
The entropy weaver simulacrum hits you but does no damage.
The entropy weaver simulacrum closely misses you.
The entropy weaver simulacrum hits you but does no damage. x2
You slash the entropy weaver simulacrum!
Your headbutt misses the entropy weaver simulacrum.
The entropy weaver simulacrum is heavily damaged.
The entropy weaver simulacrum hits you!
* * * LOW HITPOINT WARNING * * *
The entropy weaver simulacrum freezes you!
You resist.
* * * LOW HITPOINT WARNING * * *
The entropy weaver simulacrum hits you.
* * * LOW HITPOINT WARNING * * *
The entropy weaver simulacrum freezes you!
You resist.
You die...

#...∩...# ##.....##
### ..## ##...##
≈≈≈####...# ##...#
≈≈#.#...... #...##
≈≈≈≈........
#...###≈≈≈# .......
##...#.≈≈≈# .......
##....≈≈###.......
##..##≈##@Z# ##..##
#..### #..##
##...### ####..####
##....###
##.#....#.##
###....##
#..........##
###...###
#............##
###...###
#.............####
###...##
##...............##
##...#


You could see an entropy weaver simulacrum.

Vanquished Creatures
  A hydra (Lair:1)
  Fannar (Lair:3)
  Erica (Lair:2)
  A two-headed ogre (D:11)
  Urug (Lair:2)
  An ugly thing (D:8)
  A deep elf zephyrmancer (Bailey)
  An orc knight (Bailey)
  2 black mambas
  5 cane toads
  A kobold demonologist (D:10)
  A rime drake (Lair:1)
  2 freezing wraiths (IceCv)
  4 ice devils (IceCv)
  A polar bear (Lair:3)
  2 hornets
  8 blink frogs
  A wyvern (D:8)
  20 yaks
  A basilisk (Lair:1)
  A death yak simulacrum (IceCv)
  A steam dragon (Bailey)
  2 vampire mosquitoes (D:11)
  A warg (D:11)
  Edmund (D:6)
  4 water moccasins
  Duvessa (D:7)
  2 sky beasts
  A black bear (D:7)
  A necrophage (D:5)
  11 orc warriors
  An ogre (D:5)
  6 boggarts
  10 wolves (Lair:3)
  6 centaurs
  4 kobold brigands
  2 bullfrogs (Lair:1)
  A gnoll sergeant (D:9)
  2 cane toad simulacra (IceCv)
  2 scorpions (D:7)
  A water moccasin skeleton (D:4)
  Dowan (D:7)
  2 elephant simulacra (IceCv)
  2 howler monkeys
  4 wights (D:8)
  5 centaur zombies
  6 orc priests
  2 hounds
  A gnoll shaman (D:5)
  2 centaur skeletons (D:6)
  2 jellies
  2 iguanas
  A scorpion zombie (D:5)
  10 orc wizards
  2 troll simulacra (IceCv)
  2 polar bear simulacra (IceCv)
  A spriggan simulacrum (IceCv)
  2 wolf simulacra (IceCv)
  A killer bee zombie (D:5)
  A hound skeleton (D:3)
  A howler monkey zombie (D:9)
  12 gnolls
  A naga simulacrum (IceCv)
  9 adders
  A white imp (IceCv)
  An ufetubus (IceCv)
  2 worms
  4 dart slugs
  51 orcs
  3 bats
  8 endoplasms
  4 giant cockroaches
  13 goblins
  4 hobgoblins
  3 jackals (D:1)
  25 kobolds
  A quokka (D:5)
  3 ball pythons
  A frilled lizard (D:3)
  8 rats
321 creatures vanquished.

Vanquished Creatures (others)
  A bush (D:6)
  10 fungi
  14 plants
25 creatures vanquished.

Grand Total: 346 creatures vanquished

Notes
Turn   | Place    | Note
-------+----------+-------------------------------------------
     0 | D:1      | Peloso the Minotaur Fighter began the quest for the Orb.
     0 | D:1      | Reached XP level 1. HP: 19/19 MP: 0/0
   133 | D:1      | Reached XP level 2. HP: 25/27 MP: 1/1
   432 | D:1      | Found a faded altar of an unknown god.
   745 | D:2      | Reached XP level 3. HP: 34/34 MP: 2/2
  1187 | D:2      | Identified the +1 leather armour of Puemuxedd {rN++ Int-4
                  | Dex+7}
  1529 | D:3      | Reached skill level 3 in Long Blades
  1742 | D:3      | Reached XP level 4. HP: 41/41 MP: 3/3
  1990 | D:3      | Reached skill level 4 in Long Blades
  2083 | D:3      | Reached XP level 5. HP: 40/47 MP: 4/4
  2581 | D:4      | Noticed an orc warrior
  2594 | D:3      | Killed an orc warrior
  2595 | D:3      | Reached skill level 1 in Dodging
  2610 | D:4      | Reached skill level 5 in Long Blades
  2614 | D:4      | Reached XP level 6. HP: 45/53 MP: 5/5
  2720 | D:4      | Reached skill level 5 in Armour
  2720 | D:4      | Reached skill level 5 in Shields
  3118 | D:4      | Reached skill level 5 in Fighting
  3255 | D:5      | Entered Level 5 of the Dungeon
  3333 | D:5      | Reached XP level 7. HP: 48/61 MP: 6/6
  3511 | D:5      | Found a glowing golden altar of the Shining One.
  3545 | D:5      | Reached skill level 6 in Long Blades
  4625 | D:5      | Reached skill level 7 in Long Blades
  4785 | D:6      | Reached XP level 8. HP: 57/70 MP: 7/7
  5133 | D:6      | Reached skill level 1 in Stealth
  5191 | D:6      | Found an iron altar of Okawaru.
  5236 | D:6      | Reached skill level 8 in Long Blades
  5241 | D:6      | Became a worshipper of Warmaster Okawaru
  5449 | D:6      | Found a runed translucent gate.
  5450 | D:6      | Found a runed translucent gate.
  5451 | D:6      | Found a runed translucent gate.
  5451 | D:6      | Noticed Quickbrownfox's ghost (novice DsIE)
  5573 | D:6      | Found a staircase to the Ecumenical Temple.
  5759 | D:6      | Noticed Edmund
  5783 | D:6      | Killed Edmund
  6180 | D:7      | Noticed Duvessa
  6180 | D:7      | Noticed Dowan
  6181 | D:7      | Found a transporter.
  6391 | D:7      | Killed Duvessa
  6398 | D:7      | Killed Dowan
  6531 | D:7      | Reached * piety under Okawaru
  6822 | D:7      | Reached XP level 9. HP: 78/78 MP: 8/8
  6848 | D:7      | Reached skill level 9 in Long Blades
  7082 | D:7      | Found a transporter.
  7559 | D:8      | Found a runed translucent gate.
  7559 | D:8      | Found a runed translucent gate.
  7559 | D:8      | Found a runed translucent gate.
  7560 | D:8      | Found an opulent altar of Gozag.
  7561 | D:8      | Noticed Peloso's ghost (novice MiFi)
  7561 | D:8      | Noticed a cyclops
  7565 | D:8      | Found a large runed translucent door.
  7565 | D:8      | Found a large runed translucent door.
  7700 | D:8      | Noticed a purple ugly thing
  7718 | D:8      | Killed a purple ugly thing
  7718 | D:8      | Reached ** piety under Okawaru
  8279 | D:8      | Reached skill level 10 in Long Blades
  9191 | D:9      | Found a hazy altar of Hepliaklqana.
  9207 | D:9      | Found a staircase to the Lair.
  9317 | D:9      | Found a flagged portal.
  9344 | Bailey   | Entered a bailey
  9521 | Bailey   | Reached *** piety under Okawaru
  9545 | Bailey   | Reached XP level 10. HP: 29/88 MP: 7/9
  9884 | Bailey   | Noticed an orc knight
  9898 | Bailey   | Killed an orc knight
  9898 | Bailey   | Received a gift from Okawaru
 10081 | Bailey   | Found a large runed translucent door.
 10081 | Bailey   | Found a large runed translucent door.
 10082 | Bailey   | Noticed a deep elf zephyrmancer
 10208 | Bailey   | Killed a deep elf zephyrmancer
 10241 | Bailey   | Identified the +0 leather armour of Inaction {Rampage rPois
                  | Str+6 Int+4}
 10552 | D:9      | Reached skill level 10 in Armour
 10574 | D:9      | Reached skill level 11 in Long Blades
 11084 | D:9      | Reached skill level 5 in Dodging
 11521 | D:9      | Found a broken altar of Ashenzari.
 11843 | D:9      | Reached **** piety under Okawaru
 12027 | D:10     | Entered Level 10 of the Dungeon
 12041 | D:10     | Found a runed translucent gate.
 12041 | D:10     | Found a runed translucent gate.
 12042 | D:10     | Found a runed translucent gate.
 12044 | D:10     | Noticed kelmiir's ghost (journeyman GnIE)
 12320 | D:10     | Reached skill level 12 in Long Blades
 12320 | D:10     | Reached XP level 11. HP: 28/97 MP: 10/10
 12668 | D:10     | Reached ***** piety under Okawaru
 13393 | D:11     | Found a staircase to the Orcish Mines.
 13744 | D:11     | Noticed a two-headed ogre
 13771 | D:11     | Killed a two-headed ogre
 13771 | D:11     | Received a gift from Okawaru
 13946 | D:11     | Noticed a red ugly thing
 13952 | D:11     | Noticed a tengu warrior
 14034 | D:11     | Found Omoit's Assorted Antiques.
 14041 | D:11     | Bought a glowing falchion for 162 gold pieces
 14176 | Lair:1   | Entered Level 1 of the Lair of Beasts
 14222 | Lair:1   | Reached skill level 13 in Long Blades
 14222 | Lair:1   | Noticed a four-headed hydra
 14234 | Lair:1   | Killed a four-headed hydra
 14554 | Lair:1   | Reached skill level 1 in Polearms
 14842 | Lair:1   | Reached skill level 10 in Fighting
 14842 | Lair:1   | Reached skill level 1 in Invocations
 14905 | Lair:1   | Found a runed translucent gate.
 14905 | Lair:1   | Noticed a ten-headed hydra
 14905 | Lair:1   | Noticed CryoSword's ghost (journeyman TrTm)
 14905 | Lair:1   | Noticed a 12-headed hydra
 14906 | Lair:1   | Found a runed translucent gate.
 14907 | Lair:1   | Found a runed translucent gate.
 15709 | Lair:2   | Noticed Erica
 15717 | Lair:2   | Killed Erica
 15810 | Lair:2   | Noticed Urug
 15831 | Lair:2   | Killed Urug
 16015 | Lair:2   | Reached XP level 12. HP: 100/107 MP: 11/11
 16057 | Lair:2   | Found a staircase to the Shoals.
 16208 | Lair:2   | Found a runed translucent door.
 16208 | Lair:2   | Noticed Kaptain's ghost (journeyman GrEE)
 16531 | Lair:3   | Noticed Fannar
 16568 | Lair:3   | Reached skill level 14 in Long Blades
 16600 | Lair:3   | Killed Fannar
 16600 | Lair:3   | Received a gift from Okawaru
 16700 | Lair:3   | Found a frozen archway.
 16709 | IceCv    | Entered an ice cave
 17012 | IceCv    | Reached skill level 10 in Shields
 17089 | IceCv    | Reached ****** piety under Okawaru
 17173 | IceCv    | Received a gift from Okawaru
 17298 | IceCv    | Mangled by an entropy weaver simulacrum

Illustrated notes

Levels and vault maps discovered:
D:1:      dpeg_arrival_lava_altar, layout_rooms,
          hellmonk_ecumenical_altar_inner_sanctum
D:2:      layout_loops_ring
D:3:      layout_rooms, serial_co_window_serial, co_window_corner_a,
          co_window_corner_a, co_window_of_opportunity_a, co_window_paths_a,
          co_window_corner_a, co_window_cross_1, co_window_cross_1,
          co_window_paths_b, co_window_paths_a, co_window_unsneaky_path_b,
          co_window_of_opportunity_b, co_window_corner_b, co_window_broadway_b,
          co_window_corner_b, co_window_paths_e, glass_columns_a,
          glass_columns_c, grunt_ministairs_14, minmay_divided_ellipse
D:4:      layout_rooms, serial_bayou_pond_e
D:5:      layout_basic, nicolae_tso_carved_into_rock
D:6:      layout_cave_pods, mainiacjoe_overflow_concentric_impassable,
          minmay_temple_entry_enclosed_plants, gammafunk_ghost_nasty_kobolds,
          kb_lookout_dungeons_type, uniq_edmund
D:7:      gammafunk_steamed_eel, layout_loops_ring, uniq_duvessa
D:8:      layout_basic, jmf_multi_god_temple2, ebering_ghost_gozag,
          serial_co_window_serial, co_window_corner_a, co_window_paths_a,
          co_window_corner_a, co_window_of_opportunity_a, co_window_paths_a,
          co_window_cross_4, co_window_broadway_b, co_window_cross_3,
          co_window_2corner, co_window_broadway_a, co_window_paths_c,
          co_window_2corner, co_window_paths_e, co_window_paths_d,
          glass_columns_a, glass_columns_a, glass_columns_a
D:9:      layout_grid_maze, kennysheep_little_box, ashenzari_altar_1,
          lair_entry_dummy, enter_bailey_5
D:10:     layout_loops_cross, biasface_ghost_orc_armoury, minmay_diced_spiral
D:11:     minmay_the_grid_net [minmay_the_grid_fan, minmay_the_grid_spin_star,
          minmay_the_grid_gridbox, minmay_the_grid_aliased_spiral,
          minmay_the_grid_zigzag_pyramid,
          minmay_the_grid_prize_four_corners_diamond_a], layout_loops_ring,
          david_orc_3, serial_co_window_serial, co_window_corner_a,
          co_window_of_opportunity_a, co_window_corner_a, co_window_corner_a,
          co_window_corner_a, co_window_paths_a, co_window_paths_a,
          co_window_corner_b, co_window_corner_b, co_window_corner_b,
          co_window_unsneaky_path_b, glass_columns_a, glass_columns_a,
          glass_columns_a, serial_shops, shop, shop, nicolae_shop_hallway_plus,
          nicolae_shop_overgrown_old_shop
Lair:1:   layout_loops_ring, gammafunk_ghost_hydra_chop, grunt_megastairs_4
Lair:2:   layout_gridlike, minmay_shoals_entry_centaurs,
          ebering_ghost_inner_flame, uniq_urug, uniq_erica
Lair:3:   layout_gridlike, portal_ice_cave_entry_pillars_1, uniq_fannar
IceCv:    ice_cave_small_necro

Skill      XL: |  1  2  3  4  5  6  7  8  9 10 11 12 |
---------------+-------------------------------------+-----
Fighting       | 4 5 6 7 9 10 11 | 11.2
Shields        | 4 5 6 7 8 9 10 | 10.0
Long Blades    | 3 4 5 7 8 10 12 13 14 | 14.7
Armour         | 4 5 6 7 9 10 11 12 | 12.4
Dodging        | 1 2 3 4 5 6 |  6.7
Stealth        | 1 2 |  2.4
Polearms       | 2 |  2.5
Invocations    | 1 |  1.3
Evocations     | |  0.3

Action                   |  1- 3 |  4- 6 |  7- 9 | 10-12 || total
-------------------------+-------+-------+-------+-------++-------
Melee: Long sword        |    83 |   131 |   363 |   365 ||   942
       Headbutt          |    14 |    24 |    72 |   136 ||   246
       Falchion          |       |       |       |   109 ||   109
       Scimitar          |       |       |       |    11 ||    11
       Double sword      |       |       |       |   173 ||   173
       Trident           |       |       |       |     5 ||     5
Invok: Heroism           |       |       |     2 |    12 ||    14
Evoke: Wand              |       |       |     3 |       ||     3
  Use: Scroll            |       |     5 |     6 |    10 ||    21
       Potion            |       |     1 |       |     3 ||     4
Armor: Scale mail        |    29 |    72 |   180 |   284 ||   565
       Chain mail        |       |       |       |    43 ||    43
Dodge: Dodged            |    44 |    43 |   175 |   370 ||   632
Block: Buckler           |    17 |    26 |   113 |   195 ||   351
